Map: Lightshade LE

Players

Denver

  • Race: Zerg Zerg

MaxPax - Winner!

  • Race: Protoss Protoss

Event: DreamHack SC2 Masters 2021 Winter

VOD

Have the link to the VOD?

Description

Time

  • Played on: Oct. 15, 2021, 10:19 a.m.
  • Length: 6:25

All games in this series

Show
View Real Time Build Order
Export as new Build Order

Denver Zerg 

Build Orders: Hatch First 

Get SALT Encoding   

  12  0:00  Drone  
  13  0:12  Overlord  
  13  0:16  Drone  
  14  0:30  Drone x2  
  16  0:48  Hatchery  
  15  0:51  Drone  
  15  0:54  Drone  
  17  0:59  Drone  
  18  1:08  Extractor  
  17  1:15  Spawning Pool  
  16  1:19  Drone  
  16  1:21  Drone  
  18  1:29  Drone  
  19  1:38  Drone  
  20  1:49  Overlord  
  20  2:01  Queen  
  20  2:02  Zergling x4, Queen  
  26  2:11  Metabolic Boost  
  26  2:12  Drone  
  26  2:15  Drone  
  28  2:22  Drone x2  
  30  2:38  Hatchery  
  30  2:43  Queen  
  31  2:48  Overlord  
  31  2:53  Drone x2  
  32  2:58  Drone x2  
  34  3:06  Zergling x2  
  34  3:07  Zergling x4  
  34  3:11  Zergling x6  
  40  3:15  Drone  
  40  3:16  Drone  
  42  3:26  Drone x2  
  42  3:35  Spore Crawler, Overlord  
  41  3:43  Overlord  
  41  3:55  Drone x8  
  49  4:01  Drone  
  47  4:06  Roach Warren  
  43  4:10  Drone x2  
  43  4:13  Drone  
  46  4:17  Queen  
  46  4:18  Overlord  
  46  4:21  Zergling x2  
  46  4:22  Zergling x4  
  51  4:26  Zergling x4  
  51  4:30  Zergling x6  
  56  4:35  Overlord  
  56  4:37  Zergling x4  
  58  4:42  Zergling x2  
  59  4:49  Roach x4  
  59  4:50  Overlord  
  65  4:54  Spore Crawler  
  65  4:58  Zergling x2  
  65  4:59  Zergling x8  
  69  5:03  Overlord  
  69  5:05  Drone x2  
  69  5:06  Drone, Extractor  
  71  5:11  Ravager x2  
  71  5:15  Zergling x6, Spore Crawler  
  73  5:24  Zergling x6  
  76  5:32  Zergling x16  
  76  5:46  Zergling x8  
  69  5:54  Drone x2  
  66  6:00  Zergling x4  
  66  6:01  Zergling x4  
  64  6:05  Zergling x2  
  64  6:06  Zergling x2  
Show
View Real Time Build Order
Export as new Build Order

MaxPax Protoss - Winner!

Build Orders: 1 Gate Expand, Mass Adepts 

Get SALT Encoding   

  12  0:00  Probe  
  13  0:12  Probe  
  14  0:20  Pylon  
  14  0:24  Probe  
  15  0:38  Probe (Chrono Boost)  
  16  0:43  Gateway  
  16  0:48  Probe (Chrono Boost)  
  16  0:49  Assimilator  
  17  0:53  Probe (Chrono Boost)  
  18  1:05  Probe  
  19  1:17  Probe  
  20  1:29  Cybernetics Core  
  20  1:39  Nexus  
  20  1:40  Probe  
  20  1:46  Pylon  
  21  1:52  Assimilator, Probe  
  22  2:03  Adept (Chrono Boost)  
  22  2:05  Probe  
  22  2:06  Warp Gate (Chrono Boost)  
  25  2:17  Probe  
  26  2:23  Adept (Chrono Boost)  
  26  2:29  Probe  
  29  2:33  Gateway  
  29  2:41  Probe  
  30  2:50  Stalker  
  32  2:53  Probe  
  32  2:55  Probe  
  34  2:59  Gateway  
  34  3:05  Probe  
  35  3:07  Probe  
  36  3:12  Twilight Council  
  36  3:17  Probe  
  36  3:19  Probe  
  36  3:29  Robotics Facility, Probe  
  36  3:31  Probe  
  36  3:37  Pylon  
  36  3:41  Probe  
  36  3:43  Probe  
  38  3:50  Adept  
  38  3:53  Adept, Probe  
  38  3:55  Adept, Pylon  
  45  3:56  Resonating Glaives (Chrono Boost)  
  45  3:57  Pylon  
  41  4:12  Gateway  
  41  4:14  Gateway  
  41  4:15  Warp Prism (Chrono Boost)  
  41  4:16  Gateway  
  42  4:22  Adept  
  42  4:24  Adept  
  47  4:28  Adept  
  47  4:30  Probe  
  50  4:34  Pylon  
  50  4:45  Adept  
  50  4:46  Adept  
  54  4:54  Adept  
  56  5:02  Pylon  
  56  5:06  Probe  
  57  5:07  Assimilator  
  57  5:10  Adept x4  
  57  5:12  Adept  
  67  5:14  Adept  
  67  5:15  Probe  
  67  5:18  Pylon  
  70  5:23  Observer  
  69  5:36  Probe  
  70  5:43  Adept x4  
  70  5:44  Adept x2  
  72  5:52  Probe  
  67  5:57  Probe  
  67  6:01  Assimilator  
  68  6:05  Probe  
  68  6:09  Adept x6  

Tags
 
Add a new tag
Caveats
  • Supply blocks, unpowered buildings, or Contaminate may cause inaccurate times.
  • Supply counts are checked every 10 seconds.